 Dungeon Crawl Stone Soup version 0.31.0-32-g396128a36d (webtiles) character file.

Game seed: 14780253497228426184

4 ChadusMaximus the Caller (level 1, 0/13 HPs)
             Began as a Barachi Summoner on Mar 9, 2024.
             Constricted to death by a ball python (1 damage)
             ... on level 1 of the Dungeon.
             The game lasted 00:00:16 (169 turns).

ChadusMaximus the Caller (Barachi Summoner)          Turns: 169, Time: 00:00:16

Health: 0/13       AC:  2    Str:  9    XL:     1   Next: 70%
Magic:  2/3        EV:  9    Int: 15    God:
Gold:   5          SH:  0    Dex: 12    Spells: 3/4 levels left

rFire   . . .        f - +0 spear
rCold   . . .        (no shield)
rNeg    . . .        a - +0 robe
rPois   .            (no helmet)
rElec   .            (no cloak)
rCorr   .            (no gloves)
SInv    .            (no boots)
Will    .....        (no amulet)
Stlth   ++           (no ring)
HPRegen 0.22/turn    (no ring)
MPRegen 0.08/turn

%: no passive effects
@: constricted, slow
A: amphibious, slowness 1, strong legs 1, +LOS
a: Hop


You were on level 1 of the Dungeon.
You visited 1 branch of the dungeon, and saw 1 of its levels.

You collected 5 gold pieces.

Inventory:

Hand Weapons
 f - a +0 spear (weapon)
Armour
 a - a +0 robe (worn)
Scrolls
 c - a scroll of poison {unknown}
 e - a scroll of enchant weapon {unknown}
Potions
 b - a potion of magic
 d - a potion of might {unknown}


   Skills:
 - Level 2.1 Dodging
 - Level 1.7 Stealth
 + Level 2.3 Spellcasting
 * Level 5.0 Summonings


You had 3 spell levels left.
You knew the following spells:

 Your Spells              Type           Power      Damage    Failure   Level
a - Summon Small Mammal   Summ           68%        N/A       2%          1

Your spell library contained the following spells:

 Spells                   Type           Power      Damage    Failure   Level
 Call Imp                 Summ           34%        N/A       4%          2
 Call Canine Familiar     Summ           17%        N/A       8%          3
 Summon Blazeheart Golem  Fire/Summ      9%         N/A       58%         4
 Summon Lightning Spire   Summ/Air       9%         N/A       58%         4


Dungeon Overview and Level Annotations

Branches:
Dungeon (1/15)

Altars:

Shops:
D:1 !


Innate Abilities, Weirdness & Mutations

You are amphibious.
You cover ground slowly.
You can hop short distances.
You have an extended range of vision and can be seen from far away.


Message History

No target in view!
You swap places.
You see here a +0 spear.
f - a +0 spear
f - a +0 spear (weapon)
Unknown command.
A hobgoblin comes into view.
Found a scroll labelled JORPHOD OVYNG and a scroll labelled LENIHAABERE.
The hobgoblin shouts!
Your quokka disappears in a puff of smoke!
A hobgoblin is nearby!
A ball python comes into view.
There are monsters nearby!
Found a chain mail.
A goblin comes into view. It is wielding a +0 dagger.
The hobgoblin closely misses you.
There are monsters nearby!
You hit the hobgoblin but do no damage. The hobgoblin hits you.
There are monsters nearby!
You hit the ball python.
The ball python is heavily wounded.
Your rat disappears in a puff of smoke!
The ball python barely misses you. The ball python grabs you.
The ball python constricts you. The hobgoblin hits you.
There are monsters nearby!
You are too injured to fight recklessly!
Unknown command.
There are monsters nearby!
You are too injured to fight recklessly!
Unknown command.
You are too injured to fight recklessly!
Casting: Summon Small Mammal (safe; 2% risk of failure)
Confirm with . or Enter, or press ? or * to list all spells.
The ball python closely misses you. The ball python constricts you.
The hobgoblin hits you.
* * * LOW HITPOINT WARNING * * *
The ball python bites you.
* * * LOW HITPOINT WARNING * * *
The ball python constricts you.
You die...

....#.....## ##
#............... .#
##..............#
.#.................# ..
....#....... ......# [..
....#......# ....?##....
....#....#.# #.r........
....#....#.####.§S...#.#
##..............@gg..?.#
# ####.....###!.........
##+####...#.r##......####
.............#######....
........#.....# ....
............#...# ...
##.###......##...>. ..
'..##............... .
#####.............##


You could see a hobgoblin, a goblin, a ball python (ally target) and a friendly
quokka (summoned).

Vanquished Creatures (collateral kills)
  A dart slug (D:1)
  A giant cockroach (D:1)
  A bat (D:1)
3 creatures vanquished.

Notes
Turn   | Place    | Note
-------+----------+-------------------------------------------
     0 | D:1      | ChadusMaximus the Barachi Summoner began the quest for the
                  | Orb.
     0 | D:1      | Reached XP level 1. HP: 13/13 MP: 3/3
    58 | D:1      | Reached skill level 5 in Summonings
   100 | D:1      | Found Nadeh's Distillery.
   169 | D:1      | Constricted to death by a ball python

Illustrated notes

Levels and vault maps discovered:
D:1:      wander_arrival_desolate, layout_basic, serial_shops,
          nicolae_shop_hallway_plus, minmay_hexomino_c4

Skill      XL: |  1 |
---------------+----+-----
Summonings     | 5 |  5.0
Dodging        | |  2.1
Stealth        | |  1.7
Spellcasting   | |  2.3

Action                     || total
---------------------------++-------
  Melee: Unarmed           ||     9
         Spear             ||     2
   Cast: Summon Small Mamm ||     7
 Armour: Robe              ||    13
  Dodge: Dodged            ||    12
